 Dungeon Crawl Stone Soup version 0.25-a0-306-g3faca94807 (webtiles) character file.

Game seed: 4768400764473834931, levelgen mode: deterministic

282 MoonlitKnight the Sneak (level 6, -4/47 HPs)
             Began as a Vampire Assassin on Dec 21, 2019.
             Slain by Grinder (6 damage)
             ... on level 3 of the Dungeon.
             The game lasted 00:04:41 (2297 turns).

MoonlitKnight the Sneak (Vampire Assassin)          Turns: 2297, Time: 00:04:42

Health: -4/47      AC:  7    Str: 11    XL:     6   Next: 6%
Magic:  6/6        EV: 11    Int: 13    God:
Gold:   138        SH:  0    Dex: 17    Spells: 5/5 levels left

rFire    . . .     SeeInvis +   a - +2 dagger
rCold    . . .     Gourm    .   (no shield)
rNeg     . . .     Faith    .   f - +0 ring mail
rPois    .         Spirit   .   (no helmet)
rElec    .         Reflect  .   i - +0 cloak
rCorr    .         Harm     .   (no gloves)
MR       .....                  c - +0 pair of boots
Stlth    +++.......             (no amulet)
HPRegen  0.35/turn              (no ring)
MPRegen  0.10/turn              (no ring)

@: regenerating quickly
A: no food, fangs 3, see invisible, unbreathing
a: Exsanguinate


You were on level 3 of the Dungeon.
You were alive.

You visited 1 branch of the dungeon, and saw 3 of its levels.

You collected 138 gold pieces.

Inventory:

Hand Weapons
 a - a +2 dagger (weapon)
Missiles
 d - 3 poisoned darts (quivered)
 e - 2 curare-tipped darts
Armour
 c - a +0 pair of boots (worn)
 f - a +0 ring mail (worn)
 i - a +0 cloak (worn)
Jewellery
 b - an uncursed amulet of rage {unknown}
 n - a +3 ring of protection {unknown}
Wands
 l - a wand of random effects (30)
Scrolls
 h - a scroll of identify {unknown}
 k - 2 scrolls of remove curse {unknown}
 m - a scroll of teleportation {unknown}
 o - a scroll of blinking {unknown}
Potions
 g - 2 potions of flight {unknown}
 j - 2 potions of curing {unknown}


   Skills:
 + Level 3.0 Fighting
 * Level 4.7 Short Blades
 - Level 1.5 Throwing
 + Level 3.0 Dodging
 + Level 7.3 Stealth


You had 5 spell levels left.
You didn't know any spells.
Your spell library was empty.

Dungeon Overview and Level Annotations

Branches:
Dungeon (3/15)

Altars:
Ru

Annotations:
D:2 Sigmund
D:3 Grinder


Innate Abilities, Weirdness & Mutations

You do not eat.
Your natural rate of healing is unusually fast.
You have razor-sharp teeth.
You have supernaturally acute eyesight. (SInv)
You can survive without breathing.


Message History

Press: ? - help, Shift-Dir - straight line, f/p - Grinder
Aim: Grinder (moderately wounded)
You throw a poisoned dart.
The poisoned dart barely misses Grinder.
Grinder gestures at you.
You shrug off the repeated paralysis!
Throwing (i - inventory. (/) - cycle)
d - 4 poisoned darts (quivered)
Press: ? - help, Shift-Dir - straight line, f/p - Grinder
Aim: Grinder (moderately wounded)
You throw a poisoned dart. The poisoned dart hits Grinder.
Grinder is moderately wounded.
Grinder closely misses you.
You hit Grinder but do no damage. You bite Grinder.
Grinder is moderately wounded.
You hit Grinder.
Grinder is heavily wounded.
Grinder hits you!
* * * LOW HITPOINT WARNING * * *
You writhe in agony.
You die...

##############
##.[...##.....##
##..............##
##................#
#...........)..)..#
#......$..........#
#.................#
##.....@..........#
#......5.........#
#..<.............##
#...............####
#.......##.........#
##.....####....###...<.
##...## #)...## ####
#### ###.(.########
##....##....


You could see Grinder.

Vanquished Creatures
  A phantom (D:2)
  Natasha (thrice) (D:2)
  An orc wizard (D:3)
  2 adders (D:2)
  2 oozes
  An adder skeleton (D:2)
  An adder zombie (D:2)
  2 dart slugs
  5 orcs
  A bat skeleton (D:2)
  2 bat zombies (D:2)
  2 giant cockroaches
  4 goblins
  5 hobgoblins
  4 kobolds
  A ball python (D:1)
  A ball python skeleton (D:2)
  9 bats
  2 frilled lizards (D:2)
  A giant cockroach zombie (D:2)
  A leopard gecko skeleton (D:2)
  A leopard gecko zombie (D:2)
  2 quokka skeletons (D:2)
  A quokka zombie (D:2)
  9 rats
64 creatures vanquished.

Notes
Turn   | Place    | Note
-------+----------+-------------------------------------------
     0 | D:1      | MoonlitKnight the Vampire Assassin began the quest for the
                  | Orb.
     0 | D:1      | Reached XP level 1. HP: 16/16 MP: 1/1
   183 | D:1      | Reached skill level 6 in Stealth
   273 | D:1      | Reached XP level 2. HP: 22/22 MP: 2/2
   907 | D:2      | Reached XP level 3. HP: 18/27 MP: 3/3
   985 | D:2      | Noticed Natasha
  1010 | D:2      | Killed Natasha
  1185 | D:2      | Reached XP level 4. HP: 33/33 MP: 4/4
  1239 | D:2      | Noticed Natasha
  1250 | D:2      | Killed Natasha
  1284 | D:2      | Noticed Natasha
  1295 | D:2      | Killed Natasha
  1509 | D:2      | Noticed Sigmund
  1530 | D:2      | Reached XP level 5. HP: 38/39 MP: 5/5
  1602 | D:2      | Noticed a phantom
  1603 | D:2      | Found a sacrificial altar of Ru.
  1648 | D:2      | Killed a phantom
  1648 | D:2      | Reached skill level 7 in Stealth
  2193 | D:3      | Reached XP level 6. HP: 44/46 MP: 6/6
  2262 | D:3      | Noticed Grinder
  2286 | D:3      | Paralysed by Grinder for 4 turns
  2297 | D:3      | HP: 2/47 [Grinder (7)]
  2297 | D:3      | Slain by Grinder

Levels and vault maps discovered:
D:1:      elethiomel_arrival_diamonds, layout_basic, wad_floor_pattern_untrapped
D:2:      cheibrodos_pilgrimage, layout_basic, old_standard_altar,
          serial_undead, serial_undead_c, serial_undead_a, serial_undead_a,
          serial_undead_d, serial_undead_f, serial_undead_d, serial_undead_d,
          serial_undead_d, serial_undead_d, serial_undead_f,
          lemuel_flame_loot_1, uniq_sigmund, uniq_natasha
D:3:      layout_rooms, okawaru_altar_gauntlet_db, uniq_crazy_yiuf_cottage,
          uniq_grinder

Skill      XL: |  1  2  3  4  5  6 |
---------------+-------------------+-----
Stealth        | 6 7 |  7.3
Fighting       | 2 3 |  3.0
Short Blades   | 3 4 |  4.7
Dodging        | 2 3 |  3.0
Throwing       | |  1.5

Action                   |  1- 3 |  4- 6 || total
-------------------------+-------+-------++-------
Melee: Dagger            |   113 |   161 ||   274
       Bite              |     6 |    15 ||    21
Throw: Dart              |     3 |     5 ||     8
 Stab: Sleeping          |     6 |     2 ||     8
Armor: Ring mail         |    93 |    43 ||   136
Dodge: Dodged            |   109 |    74 ||   183

Table legend:
 A = Non-vault XP
 B = Vault XP
 C = Vault XP percentage of total XP
 D = Non-vault monster count
 E = Vault monster count
 F = Vault count percentage of total count
                 A         B        C        D         E       F
            +---------+---------+-------+---------+---------+-------
      Total |     328 |      75 |  18.6 |      42 |      22 |  34.4
            +---------+---------+-------+---------+---------+-------
        D:1 |      23 |       9 |  28.1 |      14 |       7 |  33.3
        D:2 |     245 |      66 |  21.2 |      17 |      15 |  46.9
        D:3 |      60 |       0 |   0.0 |      11 |       0 |   0.0
            +---------+---------+-------+---------+---------+-------
